AoeStats
← PacoelJusto

Black Forest

510038819Analyzed
4v4 RM · 3d ago on Sep 29, 2026· 46m 57s· 8 players
Game mode
Random Map
Map size
Large (8 player)
Population
200
Speed
Normal
Resources
Standard
Victory
Conquest
Starting age
Dark Age
Ending age
Imperial Age
RankedLock teamsTeams togetherTeam positionsShared explorationLock speedFull tech treeHidden civsTurbo modeCheats
Victory
Defeat
🇨🇳 Teutons · China
1164
+12
🇨🇳 Danes · China
1147
+13
🇨🇳 Persians · China
1096
+15
🇮🇳 Khmer · India
1090
+15
🇹🇼 Teutons · Taiwan
1173
-17
🇲🇽 Malians · Mexico
1111
-15
🇨🇳 Britons · China
1028
-12
🇨🇭 Danes · Switzerland
1002
-11
noob9527
10:06 Feudal Age
14:38 Castle Age
12:55 Double-Bit Axe
13:32 Loom
13:59 Horse Collar
16:27 Bow Saw
22:17 Wheelbarrow
22:39 Scale Barding Armor
23:23 Husbandry
23:59 Bloodlines
24:33 Gold Mining
28:56 Chain Barding Armor
28:47 Forging
29:20 Heavy Plow
29:58 Gold Shaft Mining
33:15 Imperial Age
33:26 Iron Casting
34:22 Hand Cart
36:08 Chemistry
35:28 Ballistics
35:57 Cavalier
37:14 Plate Barding Armor
37:40 Blast Furnace
37:19 Crop Rotation
38:00 Two-Man Saw
37:11 Heavy Camel Rider
38:27 Savar
39:26 Light Cavalry
40:26 Masonry
45:11 Conscription
44:30 Hussar
46:09 Caravan
46:41 Coinage
45:56 Elite War Elephant
47:23 Hoardings
46:59 Citadels
Lala Land
mangudai
0:44 Loom
10:24 Feudal Age
14:08 Castle Age
12:19 Double-Bit Axe
13:01 Horse Collar
15:55 Bow Saw
20:07 Wheelbarrow
19:23 Town Watch
22:44 Heavy Plow
23:02 Gold Mining
24:39 Stone Mining
25:25 Gold Shaft Mining
28:22 Imperial Age
25:55 Scale Mail Armor
26:05 Forging
25:55 Scale Mail Armor
26:37 Forging
28:05 Hand Cart
28:43 Chain Mail Armor
29:04 Iron Casting
28:33 Onager
30:02 Stone Shaft Mining
30:18 Siege Onager
31:48 Conscription
32:01 Plate Mail Armor
31:46 Siege Engineers
32:09 Northmen's Fury
33:59 Elite Jomsviking
37:33 Blast Furnace
35:56 Heavy Scorpion
36:48 Fletching
36:20 Capped Ram
38:48 Chemistry
39:07 Ballistics
38:58 Masonry
38:26 Siege Ram
40:26 Bodkin Arrow
40:28 Murder Holes
42:54 Squires
42:40 Arson
42:41 Gambesons
43:02 Bracer
43:34 Hamask
44:27 Arrowslits
Zarathustra
0:49 Loom
11:04 Feudal Age
15:42 Castle Age
14:39 Double-Bit Axe
14:46 Horse Collar
15:10 Gold Mining
17:31 Bow Saw
23:50 Pikeman
24:17 Gambesons
27:15 Wheelbarrow
28:30 Heavy Plow
28:34 Scale Mail Armor
33:26 Imperial Age
31:08 Stone Mining
32:32 Forging
32:38 Chain Mail Armor
35:08 Chemistry
35:01 Hand Cart
34:34 Town Watch
35:09 Elite Teutonic Knight
39:52 Two-Man Saw
39:28 Plate Mail Armor
40:29 Fortified Wall
40:06 Arrowslits
41:45 Iron Casting
42:03 Conscription
43:41 Blast Furnace
42:32 Fletching
46:57 Bodkin Arrow
佛山大维哥
0:27 Loom
11:57 Feudal Age
17:11 Castle Age
17:49 Scale Barding Armor
17:55 Forging
18:53 Town Watch
21:34 Chain Barding Armor
24:42 Husbandry
34:56 Caravan
35:29 Gold Mining
35:28 Double-Bit Axe
35:45 Stone Mining
39:06 Imperial Age
37:12 Bow Saw
37:07 Padded Archer Armor
36:58 Fletching
38:14 Yeomen
37:55 Horse Collar
38:52 Gold Shaft Mining
38:57 Wheelbarrow
38:46 Leather Archer Armor
38:26 Bodkin Arrow
40:02 Ballistics
40:17 Conscription
39:28 Crossbowman
40:49 Ring Archer Armor
40:31 Arbalester
46:09 Hand Cart
45:19 Pikeman
45:59 Squires
45:44 Arson
46:04 Bracer
47:44 Two-Man Saw
46:47 Heavy Plow
47:57 Chemistry
PacoelJusto
9:25 Feudal Age
15:48 Castle Age
13:45 Double-Bit Axe
14:54 Horse Collar
15:06 Gold Mining
17:10 Stone Mining
17:57 Bow Saw
20:37 Fervor
22:09 Sanctity
23:24 Loom
24:27 Wheelbarrow
27:27 Gold Shaft Mining
28:25 Loom
32:11 Imperial Age
30:35 Ballistics
30:29 Forging
30:44 Scale Mail Armor
30:34 Treadmill Crane
31:14 Squires
32:09 Iron Casting
31:50 Heavy Plow
32:38 Chain Mail Armor
32:40 Husbandry
33:52 Chemistry
34:00 Bloodlines
33:13 Heavy Camel Rider
34:12 Farimba
34:37 Conscription
35:20 Scale Barding Armor
35:23 Elite Gbeto
37:17 Chain Barding Armor
39:12 Plate Barding Armor
39:08 Plate Mail Armor
40:36 Padded Archer Armor
40:49 Masonry
45:23 Hand Cart
44:55 Town Watch
45:34 Thumb Ring
orb.blue
0:59 Loom
11:38 Feudal Age
15:39 Castle Age
14:11 Double-Bit Axe
15:07 Wheelbarrow
17:27 Horse Collar
23:06 Bow Saw
23:21 Heavy Plow
23:41 Gold Mining
25:30 Hand Cart
30:34 Imperial Age
28:47 Forging
28:37 Scale Mail Armor
29:26 Gold Shaft Mining
28:42 Stone Mining
29:18 Ballistics
28:55 Murder Holes
29:11 Masonry
29:20 Caravan
31:58 Stone Shaft Mining
32:35 Chain Mail Armor
32:56 Iron Casting
32:25 Squires
32:10 Arson
32:09 Elite Jomsviking
32:24 Hamask
34:13 Hoardings
33:56 Siege Engineers
34:58 Chemistry
33:43 Arrowslits
35:33 Plate Mail Armor
36:04 Blast Furnace
35:41 Conscription
35:24 Fletching
35:35 Padded Archer Armor
35:15 Elite Varangian Guard
37:03 Thumb Ring
36:19 Cranequins
38:17 Heavy Mounted Crossbowman
39:43 Conscription
40:17 Bloodlines
40:08 Husbandry
43:51 Bodkin Arrow
44:12 Leather Archer Armor
46:23 Bracer
michaelye023755
0:27 Loom
11:06 Feudal Age
11:54 Double-Bit Axe
16:54 Castle Age
14:58 Horse Collar
30:11 Imperial Age
28:28 Wheelbarrow
28:26 Gold Mining
28:33 Fletching
29:08 Ballistics
28:59 Masonry
28:50 Town Watch
30:18 Hand Cart
30:11 Town Patrol
32:16 Chemistry
32:06 Conscription
32:27 Hoardings
32:05 Bodkin Arrow
32:48 Pikeman
33:29 Squires
34:28 Forging
34:18 Scale Mail Armor
37:42 Scale Barding Armor
38:13 Iron Casting
38:22 Bow Saw
37:58 Cavalier
38:49 Bloodlines
39:28 Chain Barding Armor
43:20 Two-Man Saw
42:21 Heavy Plow
42:20 Halberdier
42:46 Arson
Connection lost

Rejoining the realm…

Still unreachable

The connection could not be restored.

Session expired

The server has moved on; the page needs a fresh start.